 Dungeon Crawl Stone Soup version 0.25-a0-855-g681bda5bb4 (webtiles) character file.

Game seed: 10337743230075164028, levelgen mode: deterministic

51 Anathary the Skirmisher (level 3, -1/29 HPs)
             Began as a Demonspawn Fighter on Apr 26, 2020.
             Slain by a worm (8 damage)
             ... on level 2 of the Dungeon.
             The game lasted 00:02:50 (1313 turns).

Anathary the Skirmisher (Demonspawn Fighter)        Turns: 1313, Time: 00:02:51

Health: -1/29      AC:  6    Str: 17    XL:     3   Next: 57%
Magic:  0/3        EV:  7    Int:  9    God:
Gold:   16         SH:  8    Dex: 12    Spells: 2/2 levels left

rFire    . . .     SeeInvis .   a - +0 long sword
rCold    . . .     Gourm    .   c - +0 kite shield
rNeg     . . .     Faith    .   b - +0 scale mail
rPois    .         Spirit   +   (no helmet)
rElec    .         Reflect  .   (no cloak)
rCorr    .         Harm     .   (no gloves)
MR       .....                  (no boots)
Stlth    ..........             (no amulet)
HPRegen  0.09/turn              (no ring)
MPRegen  0.08/turn              (no ring)

@: lethally poisoned (-1 -> -2)
A: magic shield
a: no special abilities


You were on level 2 of the Dungeon.
You were not hungry.

You visited 1 branch of the dungeon, and saw 2 of its levels.

You collected 16 gold pieces.

Inventory:

Hand Weapons
 a - a +0 long sword (weapon)
Armour
 b - a +0 scale mail (worn)
 c - a +0 kite shield (worn)
Scrolls
 e - 2 scrolls of fog {unknown}
 g - a scroll of magic mapping {unknown}
 h - a scroll of teleportation {unknown}
 k - a scroll of remove curse {unknown}
Potions
 d - 2 potions of might
 i - a potion of haste {unknown}
 j - a potion of degeneration {unknown}
 l - a potion of brilliance {unknown}
Comestibles
 f - 7 rations


   Skills:
 + Level 3.6 Fighting
 * Level 3.0 Long Blades
 - Level 2.6 Armour
 + Level 0.3 Dodging
 - Level 2.6 Shields


You had 2 spell levels left.
You didn't know any spells.
Your spell library was empty.

Dungeon Overview and Level Annotations

Branches:
Dungeon (2/15)

Altars:


Innate Abilities, Weirdness & Mutations

When hurt, damage is shared between your health and your magic reserves.


Message History

The worm is moderately wounded.
You block the adder's attack.
There is a stone staircase leading down here.
You hit the adder.
The adder is heavily wounded.
You block the adder's attack.
You closely miss the adder.
The adder is heavily wounded.
You block the adder's attack. The adder bites you but does no damage.
You feel sick.
You barely miss the adder.
The adder is heavily wounded.
The adder barely misses you. You block the adder's attack.
You slash the adder!
You kill the adder!
Your Long Blades skill increases to level 3!
The worm bites you.
* * * LOW HITPOINT WARNING * * *
You hit the worm but do no damage.
You feel sick. The worm bites you!
You die...

.........# #..
.........# #. #.#
.......... #.# #.#
.......... #.. #.##
.......... #.. ...#
.....#...... #.. #..#
.....#.......#..# #..###
.....# .#.......###....#
.....#..#.##.##.@>...#.#
....##....)#.#...w...#
....# #.#..#.#.#####.#
....# #.#..#.#.......#
....# #.#..#.#....#..#
#######.#..#.#.##.#..#
.....##.#.........#..#
........†.##.#.#(.#..#
.).........(.#.####..#


You could see a worm.

Vanquished Creatures
  An adder (D:2)
  2 oozes
  2 dart slugs
  2 bats (D:1)
  2 giant cockroaches (D:1)
  7 goblins (D:1)
  3 hobgoblins (D:1)
  2 frilled lizards (D:2)
  5 kobolds
  3 rats (D:1)
29 creatures vanquished.

Notes
Turn   | Place    | Note
-------+----------+-------------------------------------------
     0 | D:1      | Anathary the Demonspawn Fighter began the quest for the
                  | Orb.
     0 | D:1      | Reached XP level 1. HP: 18/18 MP: 1/1
   604 | D:1      | Gained mutation: When hurt, damage is shared between your
                  | health and your magic reserves. [demonic ancestry]
   604 | D:1      | Reached XP level 2. HP: 15/24 MP: 2/2
   899 | D:1      | Reached XP level 3. HP: 29/29 MP: 3/3
  1313 | D:2      | Slain by a worm

Levels and vault maps discovered:
D:1:      nicolae_arrival_somewhat_less_tricky_arrival, layout_basic
D:2:      layout_basic, first_ration

Skill      XL: |  1  2  3 |
---------------+----------+-----
Long Blades    | 2 3 |  3.0
Fighting       | |  3.6
Armour         | |  2.6
Dodging        | |  0.3
Shields        | |  2.6

Action                   || total
-------------------------++-------
Melee: Long sword        ||    97
  Eat: Ration            ||     1
Armor: Scale mail        ||    41
Dodge: Dodged            ||    18
Block: Kite shield       ||    49
       Rpst.: Long sword ||     8

Table legend:
 A = Non-vault XP
 B = Vault XP
 C = Vault XP percentage of total XP
 D = Non-vault monster count
 E = Vault monster count
 F = Vault count percentage of total count
                 A         B        C        D         E       F
            +---------+---------+-------+---------+---------+-------
      Total |      73 |       0 |   0.0 |      29 |       0 |   0.0
            +---------+---------+-------+---------+---------+-------
        D:1 |      45 |       0 |   0.0 |      23 |       0 |   0.0
        D:2 |      28 |       0 |   0.0 |       6 |       0 |   0.0
            +---------+---------+-------+---------+---------+-------
